 Dungeon Sprint DCSS version 0.27-a0-109-g416527ed24 (webtiles) character file.

Game seed: 4177482712100902359

418838 mhtbhm the Middleweight Champion (level 21, -1/192 HPs)
             Began as an Octopode Transmuter on Jan 24, 2021.
             Was the Champion of Sif Muna.
             Slain by an azure jelly (28 damage)
             ... in the Dungeon (Sprint IX: "|||||||||||||||||||||||||||||") on Jan 25, 2021.
             The game lasted 00:36:25 (11815 turns).

mhtbhm the Middleweight Champion (OpTm)            Turns: 11815, Time: 00:36:26

Health: -1/192     AC:  7    Str: 45    XL:     21   Next: 95%
Magic:  44/52      EV: 26    Int: 20    God:    Sif Muna [******]
Gold:   897        SH:  0    Dex: 16    Spells: 32/74 levels left

rFire    + + +     SeeInvis .     - Unarmed
rCold    . . .     Faith    +   (shield currently unavailable)
rNeg     . . .     Spirit   .   (helmet currently unavailable)
rPois    +         Reflect  .   j - amulet "Widwyv" {Faith *Drain +Blink rPois Str+6}
rElec    +         Harm     .   L - ring "Lehaela" {rElec rF+ Int+3}
rCorr    .         Rampage  .   N - ring "Tomm" {AC+4 Dex+3}
Will     +....     NoTele   +   P - ring "Atroin Wourch" {rF+ AC+3 Stlth+}
Stlth    ++++......             D - ring of protection from cold
HPRegen  0.42/turn              i - +6 ring of strength
MPRegen  0.33/turn              F - +6 ring of strength
                                G - +4 ring of protection
                                H - +4 ring of evasion

@: short of breath, dragon-form, corroded, flying
A: giant, almost no armour, stealthy swim, amphibious, 8 rings, (constrict 8),
frail 3
}: 6/17 runes: decaying, serpentine, barnacled, elven, silver, gossamer
a: Breathe Fire, Stop Flying, End Transformation, Renounce Religion, Evoke
Blink, Channel Magic, Forget Spell, Divine Exegesis


You were in the Dungeon.
You worshipped Sif Muna.
Sif Muna was exalted by your worship.
You were a fearsome dragon!
You visited 1 branch You collected 1984 gold pieces.
You spent 1087 gold pieces at shops.

Inventory:

Missiles
 z - 12 poisoned darts
 E - 4 throwing nets
 K - 37 javelins
Armour
 s - a +0 hat of willpower (melded)
 J - the +0 hat of the Evening Star {+Fly rC+ Regen+ Int-4}
   (You found it in the Dungeon)

   It affects your intelligence (-4).
   It protects you from cold.
   It lets you fly.
   It increases your rate of regeneration.
Jewellery
 i - a +6 ring of strength (on tentacle)
 j - the amulet "Widwyv" (around neck) {Faith *Drain +Blink rPois Str+6}
   (You found it in the Dungeon)

   [amulet of faith]

   It allows you to gain divine favour quickly.
   It affects your strength (+6).
   It protects you from poison.
   It lets you blink.
   It causes draining when unequipped.
 D - a ring of protection from cold (on tentacle)
 F - a +6 ring of strength (on tentacle)
 G - a +4 ring of protection (on tentacle)
 H - a +4 ring of evasion (on tentacle)
 L - the ring "Lehaela" (left foreclaw) {rElec rF+ Int+3}
   (You found it in the Dungeon)

   [ring of protection from fire]

   It affects your intelligence (+3).
   It protects you from fire.
   It insulates you from electricity.
 N - the ring "Tomm" (right foreclaw) {AC+4 Dex+3}
   (You found it in the Dungeon)

   [ring of protection]

   It affects your AC (+4).
   It affects your dexterity (+3).
 P - the ring "Atroin Wourch" (on tentacle) {rF+ AC+3 Stlth+}
   (You found it in the Dungeon)

   [ring of protection]

   It affects your AC (+3).
   It protects you from fire.
   It makes you more stealthy.
Wands
 y - a wand of random effects (4)
Scrolls
 f - 7 scrolls of remove curse
 g - 4 scrolls of blinking
 h - 2 scrolls of amnesia
 o - 7 scrolls of enchant armour
 q - 4 scrolls of fear
 r - 8 scrolls of identify
 x - 2 scrolls of fog
 B - 6 scrolls of enchant weapon
Potions
 a - a potion of invisibility
 b - 8 potions of curing
 c - 10 potions of heal wounds
 d - 9 potions of haste
 e - 10 potions of magic
 l - 4 potions of berserk rage
 m - a potion of mutation
 n - 2 potions of brilliance
 t - a potion of resistance
 u - 2 potions of attraction
 v - a potion of might
 C - a potion of lignification
Miscellaneous
 p - a condenser vane


   Skills:
 O Level 27 Fighting
 O Level 27 Dodging
 - Level 6.4 Stealth
 - Level 1.0 Shields
 O Level 27 Unarmed Combat
 O Level 27 Spellcasting
 + Level 22.6 Necromancy
 - Level 25.9 Transmutations
 + Level 5.0 Ice Magic
 O Level 27 Earth Magic
 O Level 27 Evocations


You had 32 spell levels left.
You knew the following spells:

 Your Spells              Type           Power        Failure   Level
a - Beastly Appendage     Tmut           100%         0%          1
b - Wereblood             Tmut           92%          0%          2
c - Spider Form           Tmut/Pois      34%          1%          3
d - Ice Form              Ice/Tmut       73%          1%          4
e - Blade Hands           Tmut           46%          0%          5
f - Hydra Form            Tmut           46%          0%          6
g - Dragon Form           Tmut           46%          1%          7
h - Statue Form           Tmut/Erth      62%          0%          6
i - Necromutation         Tmut/Necr      45%          1%          8

Your spell library contained the following spells:

 Spells                   Type           Power        Failure   Level
 Animate Skeleton         Necr           100%         0%          1
 Pain                     Necr           100%         0%          1
 Sandblast                Erth           100%         0%          1
 Sting                    Tmut/Pois      100%         0%          1
 Passwall                 Tmut/Erth      77%          0%          2
 Sublimation of Blood     Necr           43%          0%          2
 Stone Arrow              Conj/Erth      100%         0%          3
 Vampiric Draining        Necr           43%          0%          3
 Animate Dead             Necr           43%          0%          4
 Dispel Undead            Necr           87%          0%          4
 Petrify                  Tmut/Erth      93%          0%          4
 Agony                    Necr           87%          0%          5
 Borgnjor's Vile Clutch   Necr/Erth      45%          0%          5
 Excruciating Wounds      Necr           43%          0%          5
 Lee's Rapid Deconstruct  Erth           47%          0%          5
 Apportation              Tloc           54%          1%          1
 Corona                   Hex            30%          1%          1
 Foxfire                  Conj/Fire      100%         1%          1
 Freeze                   Ice            100%         1%          1
 Magic Dart               Conj           100%         1%          1
 Shock                    Conj/Air       100%         1%          1
 Summon Small Mammal      Summ           100%         1%          1
 Blink                    Tloc           N/A          1%          2
 Call Imp                 Summ           27%          1%          2
 Corpse Rot               Necr/Air       N/A          1%          2
 Ensorcelled Hibernation  Hex/Ice        74%          1%          2
 Poisonous Vapours        Pois/Air       54%          1%          2
 Searing Ray              Conj           54%          1%          2
 Slow                     Hex            27%          1%          2
 Swiftness                Air            27%          1%          2
 Frozen Ramparts          Ice            94%          1%          3
 Ignite Poison            Fire/Tmut/Pois 57%          1%          3
 Ozocubu's Armour         Ice            47%          1%          3
 Leda's Liquefaction      Hex/Erth       34%          1%          4
 Alistair's Intoxication  Tmut/Pois      45%          1%          5
 Bolt of Magma            Conj/Fire/Erth 29%          1%          5
 Irradiate                Conj/Tmut      34%          1%          5
 Yara's Violent Unravell  Hex/Tmut       34%          1%          5
 Death Channel            Necr           43%          1%          6
 Eringya's Noxious Bog    Tmut/Pois      34%          1%          6
 Iron Shot                Conj/Erth      34%          1%          6
 Simulacrum               Ice/Necr       35%          1%          6
 Borgnjor's Revivificati  Necr           43%          1%          8
 Infestation              Necr           43%          1%          8
 Shatter                  Erth           47%          1%          9
 Call Canine Familiar     Summ           27%          3%          3
 Confusing Touch          Hex            27%          3%          3
 Conjure Flame            Conj/Fire      27%          3%          3
 Dazzling Flash           Conj/Hex       54%          3%          3
 Gell's Gravitas          Tloc           13%          3%          3
 Inner Flame              Hex/Fire       27%          3%          3
 Lesser Beckoning         Tloc           13%          3%          3
 Mephitic Cloud           Conj/Pois/Air  27%          3%          3
 Portal Projectile        Hex/Tloc       54%          3%          3
 Static Discharge         Conj/Air       27%          3%          3
 Summon Guardian Golem    Hex/Summ       27%          3%          3
 Teleport Other           Tloc           27%          3%          3
 Tukima's Dance           Hex            27%          3%          3
 Hailstorm                Conj/Ice       37%          4%          4
 Summon Ice Beast         Ice/Summ       37%          4%          4
 Haunt                    Necr/Summ      32%          10%         7
 Airstrike                Air            13%          12%         4
 Cause Fear               Hex            13%          12%         4
 Fulminant Prism          Conj/Hex       13%          12%         4
 Iskenderun's Mystic Bla  Conj/Tloc      27%          12%         4
 Olgreb's Toxic Radiance  Pois           27%          12%         4
 Passage of Golubria      Tloc           N/A          12%         4
 Sticky Flame             Conj/Fire      27%          12%         4
 Summon Lightning Spire   Summ/Air       27%          12%         4
 Metabolic Englaciation   Hex/Ice        18%          12%         5
 Death's Door             Necr           43%          12%         9
 Ozocubu's Refrigeration  Ice            23%          24%         6
 Lehudib's Crystal Spear  Conj/Erth      34%          30%         8
 Fireball                 Conj/Fire      13%          32%         5
 Iskenderun's Battlesphe  Conj           27%          32%         5
 Lightning Bolt           Conj/Air       13%          32%         5
 Silence                  Hex/Air        13%          32%         5
 Summon Demon             Summ           13%          32%         5
 Summon Forest            Summ/Tloc      13%          32%         5
 Summon Mana Viper        Hex/Summ       27%          32%         5
 Freezing Cloud           Conj/Ice/Air   16%          67%         6
 Conjure Ball Lightning   Conj/Air       13%          88%         6
 Dispersal                Tloc           13%          88%         6
 Invisibility             Hex            27%          88%         6
 Shadow Creatures         Summ           N/A          88%         6
 Starburst                Conj/Fire      13%          88%         6
 Malign Gateway           Summ/Tloc      13%          100%        7
 Monstrous Menagerie      Summ           13%          100%        7
 Orb of Destruction       Conj           13%          100%        7
 Spellforged Servitor     Conj/Summ      13%          100%        7
 Summon Greater Demon     Summ           13%          100%        7
 Summon Hydra             Summ           13%          100%        7
 Chain Lightning          Conj/Air       13%          100%        8
 Discord                  Hex            13%          100%        8
 Disjunction              Tloc           13%          100%        8
 Ignition                 Fire           13%          100%        8
 Summon Horrible Things   Summ           13%          100%        8
 Absolute Zero            Ice            23%          100%        9
 Dragon's Call            Summ           13%          100%        9
 Fire Storm               Conj/Fire      13%          100%        9
 Tornado                  Air            13%          100%        9


Dungeon Overview and Level Annotations

Branches:
Dungeon (1/1)

Altars:
Cheibriados
Dithmenos
Elyvilon
Fedhas
Gozag
Hepliaklqana
Kikubaaqudgha
Makhleb
Nemelex Xobeh
Okawaru
Qazlal
Ru
Sif Muna
Trog
Uskayaw
Vehumet
Wu Jian
Xom
Yredelemnul
Zin
The Shining One
Beogh
Jiyva
Lugonu

Shops:
D [*(!


Innate Abilities, Weirdness & Mutations

You cannot wear most types of armour.
You are very stealthy in the water. (Stealth+)
You are amphibious.
You can wear up to eight rings at the same time.
((You can use your tentacles to constrict eight enemies at once.))
((Your skin changes colour to match your surroundings (Stealth+).))
((Your rubbery body absorbs attacks. (AC +1, EV +1)))
You are extremely frail. (-30% HP)


Message History

The azure jelly is engulfed in blazing flames.
The azure jelly hits you! The azure jelly freezes you!!
* * * LOW HITPOINT WARNING * * *
The azure jelly completely misses you. x2; The azure jelly hits you.
* * * LOW HITPOINT WARNING * * *
The death ooze is engulfed in blazing flames.
Unknown command.
Unknown command.
You maul the acid blob!!!!!
You kill the acid blob!
That felt strangely unrewarding.
You are engulfed in blazing flames.
You resist.
* * * LOW HITPOINT WARNING * * *
The azure jelly is engulfed in blazing flames.
The death ooze is engulfed in blazing flames.
The azure jelly is engulfed in blazing flames.
The azure jelly hits you.
* * * LOW HITPOINT WARNING * * *
The azure jelly freezes you!!
You die...

.▓.▓.▓.▓)▓.▓.▓.▓.▓
=▓.▓.▓.▓)▓.▓.▓.▓J▓
)▓.▓.▓)▓[▓.▓.▓.▓§▓
.▓.▓.▓.▓)▓.▓.▓.▓J▓
.▓.▓.▓)▓.▓.▓.▓.▓§▓
.▓.▓.▓)▓.▓.▓.▓.▓J▓
.▓.▓.▓)▓.▓.▓'▓.▓J▓
(▓.▓.▓)▓.▓.▓.▓.▓J▓
.▓.▓.▓)▓.▓.▓.▓.▓D▓
(▓.▓.▓.▓.▓.▓.▓.▓.▓
.▓.▓.▓.▓.▓.▓.▓.▓.▓
)▓.▓.▓.▓)▓.▓.▓.▓.▓
[▓.▓.▓.▓)▓.▓.▓.▓.▓
.▓.▓.▓)▓)▓.▓)▓.▓.▓
.▓.▓.▓.▓.▓.▓.▓.▓'▓
.▓.▓.▓.▓.▓.▓.▓.▓.▓
)▓.▓.▓.▓.▓.▓.▓.▓)▓


You could see 2 azure jellies and 3 death oozes.

Vanquished Creatures
  the Royal Jelly (D)
  7 orbs of fire (D)
  5 ancient liches (D)
  Boris (D)
  A royal mummy (D)
  Margery (D)
  Frederick (D)
  Xtahua (D)
  Saint Roka (D)
  4 golden dragons (D)
  Jory (D)
  4 electric golems (D)
  2 tentacled monstrosities (D)
  Rupert (D)
  26 Orb Guardians (D)
  3 liches (D)
  2 deep elf blademasters (D)
  Agnes (D)
  3 deep elf master archers (D)
  3 acid blobs (D)
  Gastronok (D)
  3 death cobs (D)
  Frances (D)
  Ilsuiw (D)
  5 storm dragons (D)
  2 draconian monks (D)
  7 shadow dragons (D)
  3 nagarajas (D)
  A frost giant (D)
  3 azure jellies (D)
  4 fire giants (D)
  2 emperor scorpions (D)
  A vault warden (D)
  An iron dragon (D)
  2 draconian scorchers (D)
  5 ghost moths (D)
  A draconian knight (D)
  Louise (D)
  5 stone giants (D)
  3 draconian stormcallers (D)
  A draconian shifter (D)
  2 draconian annihilators (D)
  An ironheart preserver (D)
  3 very ugly things (D)
  2 green draconians (D)
  3 deep elf demonologists (D)
  4 white draconians (D)
  7 vampire knights (D)
  3 black draconians (D)
  4 red draconians (D)
  Azrael (D)
  3 purple draconians (D)
  An entropy weaver (D)
  A yellow draconian (D)
  5 merfolk impalers (D)
  An eleionoma (D)
  4 fire dragons (D)
  An ettin (D)
  6 death oozes (D)
  2 deep elf high priests (D)
  4 deep elf death magi (D)
  A yaktaur captain (D)
  3 merfolk javelineers (D)
  A great orb of eyes (D)
  A rakshasa (D)
  7 ice dragons (D)
  Erolcha (D)
  2 boulder beetles (D)
  25 vault guards (D)
  9 hydras (D)
  Harold (D)
  4 ogre magi (D)
  2 naga warriors (D)
  A merfolk aquamancer (D)
  2 alligators (D)
  An alligator (shapeshifter) (D)
  3 centaur warriors (D)
  2 merfolk avatars (D)
  2 death knights (D)
  Erica (D)
  2 deep troll earth magi (D)
  2 two-headed ogres (D)
  2 deep troll shamans (D)
  2 shock serpents (D)
  A large abomination (D)
  5 hell knights (D)
  2 spriggan druids (D)
  6 swamp dragons (D)
  2 wizards (D)
  A flayed ghost (D)
  2 deep elf archers (D)
  3 ironbrand convokers (D)
  2 necromancers (D)
  A deep elf mage (D)
  2 orb spiders (D)
  7 wolf spiders (D)
  11 orc knights (D)
  An ugly thing (D)
  2 manticores (D)
  4 black mambas (D)
  A salamander (D)
  7 moths of wrath (D)
  A water nymph (D)
  5 guardian serpents (D)
  3 naga magi (D)
  A torpor snail (D)
  A vault sentinel (D)
  4 cane toads (D)
  3 yaktaurs (D)
  3 demonic crawlers (D)
  A rime drake (D)
  A freezing wraith (D)
  2 komodo dragons (D)
  A kobold demonologist (D)
  A jumping spider (D)
  5 merfolk (D)
  A bloated husk (D)
  A wind drake (D)
  A snapping turtle (D)
  4 hornets (D)
  A hornet (shapeshifter) (D)
  A troll (D)
  A slime creature (D)
  2 blink frogs (D)
  4 yaks (D)
  12 spriggans (D)
  5 redbacks (D)
  4 fire elementals (D)
  A tarantella (D)
  A golden eye (D)
  2 nagas (D)
  4 wargs (D)
  2 water moccasins (D)
  A hell hound (D)
  3 floating eyes (D)
  18 orc warriors (D)
  A swamp drake (D)
  A sky beast (D)
  A phantom (D)
  2 boggarts (D)
  3 ogres (D)
  6 wolves (D)
  3 bullfrogs (D)
  A killer bee (D)
  A wight (D)
  5 orc priests (D)
  An iguana (D)
  2 worker ants (D)
  5 orc wizards (D)
  An ufetubus (D)
  A worm (D)
  8 orcs (D)
  A goblin (D)
  A hobgoblin (D)
  3 kobolds (D)
  A giant cockroach zombie (D)
  A crawling corpse (D)
467 creatures vanquished.

Vanquished Creatures (others)
  A bunyip (D)
1 creature vanquished.

Grand Total: 468 creatures vanquished

Notes
Turn   | Place    | Note
-------+----------+-------------------------------------------
     0 | D        | mhtbhm the Octopode Transmuter began the quest for the Orb.
     0 | D        | Reached XP level 1. HP: 13/13 MP: 3/3
    17 | D        | Reached XP level 2. HP: 10/18 MP: 5/5
   146 | D        | Learned a level 2 spell: Wereblood
   154 | D        | Noticed an ogre
   154 | D        | Noticed an ogre
   163 | D        | Killed an ogre
   164 | D        | Reached XP level 3. HP: 23/23 MP: 2/8
   164 | D        | Reached XP level 4. HP: 28/28 MP: 2/10
   168 | D        | Killed an ogre
   169 | D        | Reached skill level 5 in Spellcasting
   169 | D        | Reached XP level 5. HP: 33/33 MP: 3/12
   176 | D        | Found a roughly hewn altar of Beogh.
   176 | D        | Found a snail-covered altar of Cheibriados.
   176 | D        | Found a shadowy altar of Dithmenos.
   176 | D        | Found a white marble altar of Elyvilon.
   176 | D        | Found a blossoming altar of Fedhas.
   176 | D        | Found an opulent altar of Gozag.
   177 | D        | Found a hazy altar of Hepliaklqana.
   178 | D        | Found a viscous altar of Jiyva.
   179 | D        | Found an ancient bone altar of Kikubaaqudgha.
   180 | D        | Found a corrupted altar of Lugonu.
   181 | D        | Found a burning altar of Makhleb.
   182 | D        | Found a sparkling altar of Nemelex Xobeh.
   183 | D        | Found an iron altar of Okawaru.
   184 | D        | Found a stormy altar of Qazlal.
   185 | D        | Found a sacrificial altar of Ru.
   186 | D        | Found a shimmering blue altar of Sif Muna.
   187 | D        | Found a bloodstained altar of Trog.
   188 | D        | Found a hide-covered altar of Uskayaw.
   189 | D        | Found a radiant altar of Vehumet.
   190 | D        | Found an ornate altar of the Wu Jian Council.
   191 | D        | Found a shimmering altar of Xom.
   192 | D        | Found a basalt altar of Yredelemnul.
   193 | D        | Found a glowing silver altar of Zin.
   194 | D        | Became a worshipper of Sif Muna the Loreminder
   195 | D        | Found a glowing golden altar of the Shining One.
   229 | D        | Learned a level 3 spell: Spider Form
   234 | D        | Learned a level 4 spell: Ice Form
   298 | D        | Noticed a yak
   298 | D        | Noticed a sky beast
   302 | D        | Killed a sky beast
   303 | D        | Reached skill level 5 in Transmutations
   303 | D        | Reached XP level 6. HP: 39/39 MP: 6/14
   304 | D        | Killed a yak
   305 | D        | Reached skill level 5 in Dodging
   305 | D        | Reached skill level 10 in Unarmed Combat
   305 | D        | Reached skill level 1 in Ice Magic
   305 | D        | Reached XP level 7. HP: 45/45 MP: 7/16
   305 | D        | Reached * piety under Sif Muna
   312 | D        | Reached ** piety under Sif Muna
   511 | D        | Learned a level 5 spell: Blade Hands
   513 | D        | Noticed a hornet
   521 | D        | Reached *** piety under Sif Muna
   524 | D        | Killed a hornet
   525 | D        | Reached XP level 8. HP: 42/51 MP: 11/19
   674 | D        | Noticed a cane toad
   674 | D        | Noticed a yak
   674 | D        | Noticed a yak
   674 | D        | Noticed a cane toad
   674 | D        | Noticed a blink frog
   678 | D        | Killed a cane toad
   678 | D        | Reached **** piety under Sif Muna
   680 | D        | Killed a yak
   680 | D        | Killed a blink frog
   685 | D        | Noticed a cane toad
   689 | D        | Killed a yak
   690 | D        | Reached skill level 1 in Evocations
   690 | D        | Reached XP level 9. HP: 42/57 MP: 16/21
   690 | D        | Noticed a rime drake
   691 | D        | Killed a cane toad
   695 | D        | Reached ***** piety under Sif Muna
   695 | D        | Identified Sif Muna's Compendium of Attacks (Sif Muna
                  | gifted it to you in the Dungeon)
   695 | D        | Received a gift from Sif Muna
   696 | D        | Killed a cane toad
   701 | D        | Killed a rime drake
   900 | D        | Noticed a six-headed hydra
   900 | D        | Noticed a komodo dragon
   900 | D        | Noticed a four-headed hydra
   908 | D        | Killed a four-headed hydra
   909 | D        | Reached skill level 1 in Stealth
   909 | D        | Reached skill level 10 in Spellcasting
   912 | D        | Reached XP level 10. HP: 8/63 MP: 7/24
   915 | D        | Killed a six-headed hydra
   925 | D        | Reached skill level 15 in Unarmed Combat
   925 | D        | Reached skill level 10 in Transmutations
  1203 | D        | Noticed a cane toad
  1208 | D        | Identified Sif Muna's Reference Book on Battle Magic (Sif
                  | Muna gifted it to you in the Dungeon)
  1208 | D        | Received a gift from Sif Muna
  1215 | D        | Killed a cane toad
  1325 | D        | Identified Sif Muna's Almanac of Shape Shifting (Sif Muna
                  | gifted it to you in the Dungeon)
  1325 | D        | Received a gift from Sif Muna
  1338 | D        | Learned a level 6 spell: Hydra Form
  1346 | D        | Learned a level 7 spell: Dragon Form
  1409 | D        | Noticed Gastronok
  1561 | D        | Killed Gastronok
  1562 | D        | Reached XP level 11. HP: 47/70 MP: 21/26
  1790 | D        | Noticed Erolcha
  1797 | D        | Killed Erolcha
  1798 | D        | Reached skill level 5 in Ice Magic
  1894 | D        | Identified Sif Muna's Collected Works on Gliding Slavery
                  | (Sif Muna gifted it to you in the Dungeon)
  1894 | D        | Received a gift from Sif Muna
  1894 | D        | Noticed an orc knight
  1909 | D        | Killed an orc knight
  1942 | D        | Noticed an orc knight
  1946 | D        | Reached ****** piety under Sif Muna
  1946 | D        | Identified Sif Muna's Collected Works on the Hurtful
                  | Volcanoes (Sif Muna gifted it to you in the Dungeon)
  1946 | D        | Received a gift from Sif Muna
  1956 | D        | Noticed an orc knight
  1964 | D        | Reached skill level 5 in Fighting
  1964 | D        | Killed an orc knight
  1964 | D        | Identified Sif Muna's Spellcasting Continued (Sif Muna
                  | gifted it to you in the Dungeon)
  1964 | D        | Received a gift from Sif Muna
  1965 | D        | Reached skill level 5 in Stealth
  1968 | D        | Killed an orc knight
  2140 | D        | Learned a level 6 spell: Statue Form
  2144 | D        | Found Wefer's Distillery.
  2144 | D        | Noticed an orc knight
  2144 | D        | Noticed an orc knight
  2145 | D        | Noticed an orc knight
  2152 | D        | Killed an orc knight
  2153 | D        | Found Uteruet's Antique Weapon Shop.
  2158 | D        | Killed an orc knight
  2162 | D        | Killed an orc knight
  2162 | D        | Received a gift from Sif Muna
  2273 | D        | Noticed an orc knight
  2281 | D        | Killed an orc knight
  2299 | D        | Found Nuxut's General Store.
  2301 | D        | Found Saskek's Armour Shop.
  2322 | D        | Noticed an orc knight
  2323 | D        | Noticed an orc knight
  2331 | D        | Killed an orc knight
  2334 | D        | Killed an orc knight
  2335 | D        | Reached skill level 5 in Evocations
  2335 | D        | Reached XP level 12. HP: 48/77 MP: 28/28
  2603 | D        | Bought a potion of curing for 36 gold pieces
  2603 | D        | Bought a potion of haste for 120 gold pieces
  2603 | D        | Bought a potion of resistance for 120 gold pieces
  2607 | D        | Bought a potion of attraction for 36 gold pieces
  2611 | D        | Bought a potion of might for 52 gold pieces
  2611 | D        | Bought a scroll of identify for 26 gold pieces
  2611 | D        | Bought a scroll of identify for 26 gold pieces
  2611 | D        | Bought an uncursed amulet of reflection for 390 gold pieces
  2611 | D        | Bought a scroll of fog for 26 gold pieces
  2619 | D        | Bought a potion of magic for 96 gold pieces
  2623 | D        | Bought a wand of random effects (13) for 97 gold pieces
  2623 | D        | Bought 12 poisoned darts for 62 gold pieces
  2670 | D        | Noticed Erica
  2677 | D        | Killed Erica
  2812 | D        | Noticed a two-headed ogre
  2812 | D        | Noticed a two-headed ogre
  2812 | D        | Noticed a centaur warrior
  2815 | D        | Identified Sif Muna's Papyrus of the Cankerous Snowflakes
                  | (Sif Muna gifted it to you in the Dungeon)
  2815 | D        | Received a gift from Sif Muna
  2818 | D        | Killed a centaur warrior
  2826 | D        | Killed a two-headed ogre
  2827 | D        | Noticed an ogre mage
  2829 | D        | Killed a two-headed ogre
  2834 | D        | Noticed a stone giant
  2836 | D        | Identified Lior Ismy's Guide on the Supportive Birds (Sif
                  | Muna gifted it to you in the Dungeon)
  2836 | D        | Received a gift from Sif Muna
  2837 | D        | Noticed an ettin
  2841 | D        | Noticed an ice dragon
  2844 | D        | Killed an ogre mage
  2845 | D        | Killed a stone giant
  2847 | D        | Killed an ettin
  2849 | D        | Killed an ice dragon
  2850 | D        | Reached skill level 1 in Shields
  2930 | D        | Noticed Frances
  2943 | D        | Killed Frances
  2944 | D        | Reached skill level 10 in Dodging
  2944 | D        | Reached XP level 13. HP: 74/83 MP: 18/30
  3081 | D        | Noticed Agnes
  3084 | D        | Noticed Azrael
  3090 | D        | Killed Agnes
  3090 | D        | Identified Sif Muna's Handbook of Excruciating Dark Secrets
                  | (Sif Muna gifted it to you in the Dungeon)
  3090 | D        | Received a gift from Sif Muna
  3096 | D        | Killed Azrael
  3205 | D        | Identified Sif Muna's Compendium of Moulding (Sif Muna
                  | gifted it to you in the Dungeon)
  3205 | D        | Received a gift from Sif Muna
  3225 | D        | Identified Sif Muna's Incunabulum of the Entourage (Sif
                  | Muna gifted it to you in the Dungeon)
  3225 | D        | Received a gift from Sif Muna
  3469 | D        | Noticed a bunyip
  3475 | D        | Killed a bunyip
  3490 | D        | Reached skill level 15 in Spellcasting
  3490 | D        | Noticed an eleionoma
  3509 | D        | Killed an eleionoma
  3509 | D        | Identified Sif Muna's Handbook of Quantum Attacks (Sif Muna
                  | gifted it to you in the Dungeon)
  3509 | D        | Received a gift from Sif Muna
  3977 | D        | Noticed a merfolk impaler
  3977 | D        | Noticed a merfolk javelineer
  3980 | D        | Killed a merfolk javelineer
  3982 | D        | Reached skill level 15 in Transmutations
  3984 | D        | Received a gift from Sif Muna
  3990 | D        | Killed a merfolk impaler
  3999 | D        | Reached skill level 1 in Earth Magic
  4220 | D        | Identified Sif Muna's Compendium of Freezing Transmigration
                  | (Sif Muna gifted it to you in the Dungeon)
  4220 | D        | Received a gift from Sif Muna
  4221 | D        | Reached XP level 14. HP: 92/92 MP: 27/33
  4263 | D        | Noticed Harold
  4269 | D        | Killed Harold
  4341 | D        | Noticed an emperor scorpion
  4351 | D        | Killed an emperor scorpion
  4715 | D        | Noticed a stone giant
  4715 | D        | Noticed a fire giant
  4734 | D        | Received a gift from Sif Muna
  5249 | D        | Killed a fire giant
  5297 | D        | Killed a stone giant
  5343 | D        | Identified Sif Muna's Guide on Snow and the Voyage (Sif
                  | Muna gifted it to you in the Dungeon)
  5343 | D        | Received a gift from Sif Muna
  5384 | D        | Noticed a fire giant
  5385 | D        | Noticed a stone giant
  5388 | D        | Noticed a fire giant
  5391 | D        | Killed a fire giant
  5394 | D        | Killed a stone giant
  5397 | D        | Received a gift from Sif Muna
  5401 | D        | HP: 4/142 [fire giant/+2 great sword of flaming (25)]
  5401 | D        | HP: 1/142 [fire giant/+2 great sword of flaming (3)]
  5405 | D        | Killed a fire giant
  5746 | D        | Reached skill level 5 in Earth Magic
  5751 | D        | Received a gift from Sif Muna
  5768 | D        | Noticed a vault warden
  5769 | D        | Noticed an ironheart preserver
  5774 | D        | Killed a vault warden
  5776 | D        | Killed an ironheart preserver
  5776 | D        | Noticed a white very ugly thing
  5777 | D        | Reached XP level 15. HP: 100/100 MP: 33/36
  5785 | D        | Identified Sif Muna's Catalogue of Supportive Ice (Sif Muna
                  | gifted it to you in the Dungeon)
  5785 | D        | Received a gift from Sif Muna
  5793 | D        | Noticed a tentacled monstrosity
  5793 | D        | Noticed an orb of fire
  5798 | D        | Killed a tentacled monstrosity
  5807 | D        | Killed an orb of fire
  5809 | D        | Noticed a royal mummy
  5809 | D        | Noticed Ilsuiw
  5809 | D        | Identified Sif Muna's Compendium of the Rocks (Sif Muna
                  | gifted it to you in the Dungeon)
  5809 | D        | Received a gift from Sif Muna
  5810 | D        | Killed a royal mummy
  5847 | D        | Killed Ilsuiw
  6251 | D        | Found the +3 robe of Folly {Archmagi, Will-- Int+5}
  6257 | D        | Got the +0 hat of the Evening Star {+Fly rC+ Regen+ Int-4}
  6313 | D        | Noticed Rupert
  6319 | D        | Killed Rupert
  6356 | D        | Noticed Saint Roka
  6360 | D        | Identified Sif Muna's Grimoire of Supportive Bewitchment
                  | (Sif Muna gifted it to you in the Dungeon)
  6360 | D        | Received a gift from Sif Muna
  6367 | D        | Killed Saint Roka
  6463 | D        | Identified Sif Muna's Almanac of Dark Magic (Sif Muna
                  | gifted it to you in the Dungeon)
  6463 | D        | Received a gift from Sif Muna
  6469 | D        | Reached skill level 27 in Unarmed Combat
  6470 | D        | Reached XP level 16. HP: 108/108 MP: 30/38
  6476 | D        | Reached skill level 10 in Evocations
  6488 | D        | Identified Giyd's Almanac of Unholy Arts and the Arsonist
                  | (Sif Muna gifted it to you in the Dungeon)
  6488 | D        | Received a gift from Sif Muna
  6546 | D        | Got a decaying rune of Zot
  6558 | D        | Learned a level 8 spell: Necromutation
  6574 | D        | Reached skill level 15 in Dodging
  6586 | D        | Identified Sif Muna's Catalogue of the Poisonous Birds (Sif
                  | Muna gifted it to you in the Dungeon)
  6586 | D        | Received a gift from Sif Muna
  6628 | D        | Got a barnacled rune of Zot
  6764 | D        | Identified Sif Muna's Reference Book on Evil Cold (Sif Muna
                  | gifted it to you in the Dungeon)
  6764 | D        | Received a gift from Sif Muna
  6766 | D        | Noticed a nagaraja
  6767 | D        | Noticed a nagaraja
  6769 | D        | Killed a nagaraja
  6770 | D        | Reached skill level 10 in Fighting
  6772 | D        | Killed a nagaraja
  6778 | D        | Identified Kieng's Tome of the Dislocated Arsonist (Sif
                  | Muna gifted it to you in the Dungeon)
  6778 | D        | Received a gift from Sif Muna
  6790 | D        | Noticed a nagaraja
  6799 | D        | Killed a nagaraja
  6804 | D        | Got a serpentine rune of Zot
  6818 | D        | Identified Sif Muna's Disquisition on Dusty Blows and
                  | Bruises (Sif Muna gifted it to you in the Dungeon)
  6818 | D        | Received a gift from Sif Muna
  6843 | D        | Identified Sif Muna's Disquisition on Creative
                  | Confrontation (Sif Muna gifted it to you in the Dungeon)
  6843 | D        | Received a gift from Sif Muna
  6852 | D        | Got a gossamer rune of Zot
  6974 | D        | Noticed Jory
  6983 | D        | Killed Jory
  7113 | D        | Received a gift from Sif Muna
  7136 | D        | Identified Sif Muna's Catalogue of Malediction (Sif Muna
                  | gifted it to you in the Dungeon)
  7136 | D        | Received a gift from Sif Muna
  7140 | D        | Reached XP level 17. HP: 123/123 MP: 40/42
  7158 | D        | Identified Sif Muna's Papyrus of Flying Conjuration (Sif
                  | Muna gifted it to you in the Dungeon)
  7158 | D        | Received a gift from Sif Muna
  7345 | D        | Identified Sif Muna's Volume of the Entourage and Lightness
                  | (Sif Muna gifted it to you in the Dungeon)
  7345 | D        | Received a gift from Sif Muna
  7370 | D        | Reached skill level 15 in Fighting
  7906 | D        | Noticed a tentacled monstrosity
  7906 | D        | Noticed a golden dragon
  7906 | D        | Noticed a lich
  7910 | D        | Received a gift from Sif Muna
  7919 | D        | Killed a lich
  7919 | D        | Noticed an ancient lich
  7921 | D        | Killed a golden dragon
  7923 | D        | Killed a tentacled monstrosity
  7929 | D        | Killed an ancient lich
  7934 | D        | Received a gift from Sif Muna
  8112 | D        | Got a steaming turquoise ring
  8116 | D        | Got a silver rune of Zot
  8120 | D        | Got a faintly glowing bronze ring
  8132 | D        | Identified the ring "Tomm" {AC+4 Dex+3} (You found it in
                  | the Dungeon)
  8136 | D        | Identified the ring "Heeqifih" {Fire rElec Will+} (You
                  | found it in the Dungeon)
  8168 | D        | Noticed Xtahua
  8173 | D        | Killed Xtahua
  8263 | D        | Got the amulet "Widwyv" {Faith *Drain +Blink rPois Str+6}
  8265 | D        | Got the ring "Lehaela" {rElec rF+ Int+3}
  8267 | D        | Got the ring "Atroin Wourch" {rF+ AC+3 Stlth+}
  8269 | D        | Got the ring of the Witching Traitor {Ice Dex+2}
  8271 | D        | Got the ring "Onesch" {Ice Dex+3}
  8378 | D        | Noticed Louise
  8384 | D        | Noticed Frederick
  8389 | D        | Killed Louise
  8390 | D        | Noticed Margery
  8395 | D        | Killed Frederick
  8402 | D        | Killed Margery
  8402 | D        | Identified Guripen's Handbook of the Entourage and
                  | Transmigration (Sif Muna gifted it to you in the Dungeon)
  8402 | D        | Received a gift from Sif Muna
  8403 | D        | Reached XP level 18. HP: 139/139 MP: 25/45
  8453 | D        | Noticed Boris
  8461 | D        | Killed Boris
  8756 | D        | Identified Sif Muna's Grimoire of Attacks (Sif Muna gifted
                  | it to you in the Dungeon)
  8756 | D        | Received a gift from Sif Muna
  8770 | D        | Identified Sif Muna's Collected Works on Air (Sif Muna
                  | gifted it to you in the Dungeon)
  8770 | D        | Received a gift from Sif Muna
  8998 | D        | Received a gift from Sif Muna
  9016 | D        | Received a gift from Sif Muna
  9273 | D        | Identified Sif Muna's Handbook of Sinister Magic and Toxins
                  | (Sif Muna gifted it to you in the Dungeon)
  9273 | D        | Received a gift from Sif Muna
  9523 | D        | Noticed an electric golem
  9530 | D        | Noticed a golden dragon
  9531 | D        | Reached skill level 15 in Evocations
  9537 | D        | Killed an electric golem
  9538 | D        | Reached skill level 27 in Spellcasting
  9542 | D        | Killed a golden dragon
  9543 | D        | Reached XP level 19. HP: 120/154 MP: 7/50
  9712 | D        | Noticed a golden dragon
  9717 | D        | Noticed a golden dragon
  9723 | D        | Killed a golden dragon
  9728 | D        | Killed a golden dragon
 10169 | D        | Noticed an ancient lich
 10172 | D        | Killed an ancient lich
 10174 | D        | Noticed an orb of fire
 10178 | D        | Gained mutation: You are frail. (-10% HP) [an orb of fire]
 10180 | D        | Killed an orb of fire
 10181 | D        | Reached XP level 20. HP: 156/156 MP: 5/51
 10182 | D        | Noticed an electric golem
 10184 | D        | Killed an electric golem
 10185 | D        | Reached skill level 27 in Dodging
 10187 | D        | Noticed an orb of fire
 10187 | D        | Noticed an orb of fire
 10187 | D        | Noticed an electric golem
 10187 | D        | Noticed an orb of fire
 10188 | D        | Gained mutation: You are very frail. (-20% HP) [an orb of
                  | fire]
 10193 | D        | Killed an orb of fire
 10193 | D        | Noticed an orb of fire
 10194 | D        | Reached skill level 27 in Fighting
 10196 | D        | Gained mutation: You are extremely frail. (-30% HP) [an orb
                  | of fire]
 10198 | D        | Killed an orb of fire
 10199 | D        | Reached skill level 10 in Earth Magic
 10200 | D        | Noticed an orb of fire
 10202 | D        | Killed an orb of fire
 10203 | D        | Noticed an electric golem
 10205 | D        | Killed an orb of fire
 10209 | D        | Killed an orb of fire
 10215 | D        | Killed an electric golem
 10217 | D        | Killed an electric golem
 10218 | D        | Reached skill level 27 in Evocations
 10219 | D        | Noticed an ancient lich
 10228 | D        | Killed an ancient lich
 10616 | D        | Reached XP level 21. HP: 128/128 MP: 47/52
 11073 | D        | Noticed an ancient lich
 11085 | D        | Killed an ancient lich
 11088 | D        | Reached skill level 10 in Necromancy
 11118 | D        | Noticed an ancient lich
 11124 | D        | Killed an ancient lich
 11427 | D        | Reached skill level 15 in Necromancy
 11688 | D        | Got an elven rune of Zot
 11802 | D        | Noticed the Royal Jelly
 11807 | D        | Reached skill level 27 in Earth Magic
 11811 | D        | Killed the Royal Jelly
 11815 | D        | Slain by an azure jelly

Illustrated notes

Levels and vault maps discovered:
D:        linesprint [early_d, line_temple, items_1, d_10, items_2, lair_1,
          lair_end, items_3, orc_1, orc_end, items_4, d_15, swamp_1, shoals_1,
          snake_1, spider_1, d_20, vaults_1, items_5, swamp_end, shoals_end,
          snake_end, spider_end, vaults_end, d_27, items_6, zot_1, zot_end,
          crypt_end, forest_end, elf_end, slime_end, tomb_end, abyss_end,
          pan_hell_end]

Skill      XL: |  1  2  3  4  5  6  7  8  9 10 11 12 13 14 15 16 17 18 19 20 21 |
---------------+----------------------------------------------------------------+-----
Unarmed Combat | 6 8 9 10 12 13 14 16 18 20 22 24 27 | 27.0
Dodging        | 3 4 5 6 7 8 10 11 13 14 17 20 22 26 27 | 27.0
Spellcasting   | 4 5 6 7 8 10 11 12 13 15 17 18 21 23 27 | 27.0
Transmutations | 4 5 7 8 9 11 12 13 15 17 19 22 25 | 25.9
Fighting       | 2 3 4 5 6 7 8 9 13 17 21 26 27 | 27.0
Ice Magic      | 1 2 3 4 5 |  5.0
Evocations     | 1 2 4 5 6 7 8 9 12 13 15 19 27 | 27.0
Stealth        | 1 4 5 6 |  6.4
Shields        | 1 |  1.0
Earth Magic    | 1 5 6 8 20 27 | 27.0
Necromancy     | 22 | 22.6

Action                   |  1- 3 |  4- 6 |  7- 9 | 10-12 | 13-15 | 16-18 | 19-21 || total
-------------------------+-------+-------+-------+-------+-------+-------+-------++-------
Melee: Unarmed           |    15 |    11 |    40 |   141 |   190 |   259 |   199 ||   855
       Tentacles         |     4 |       |     3 |     4 |     9 |    14 |    18 ||    52
       Kick              |     4 |       |       |       |       |       |       ||     4
       Constrict         |     3 |       |     4 |     2 |     8 |    10 |     5 ||    32
       Punch             |       |     1 |     1 |     4 |    24 |    51 |    38 ||   119
       Tailslap          |       |       |       |     1 |    22 |    28 |    30 ||    81
       Bite              |       |       |       |     1 |    14 |    26 |    16 ||    57
 Cast: Beastly Appendage |     3 |       |       |       |     1 |       |     1 ||     5
       Wereblood         |     1 |     1 |     2 |     6 |     7 |     8 |     4 ||    29
       Ice Form          |       |     1 |     1 |     1 |       |       |       ||     3
       Blade Hands       |       |       |     3 |     5 |     1 |     2 |       ||    11
       Hydra Form        |       |       |       |     5 |     3 |       |       ||     8
       Dragon Form       |       |       |       |     1 |    11 |    11 |     7 ||    30
       Statue Form       |       |       |       |       |     4 |     2 |     1 ||     7
       Necromutation     |       |       |       |       |       |       |     1 ||     1
 Abil: Breathe Fire      |       |       |       |       |     8 |     6 |     2 ||    16
Evoke: Wand              |       |     1 |     2 |     4 |     7 |     3 |     2 ||    19
       Condenser vane    |       |       |     2 |     6 |     8 |     9 |     8 ||    33
  Use: Potion            |     2 |     1 |       |     1 |    10 |     2 |       ||    16
       Scroll            |       |       |       |       |     1 |     3 |       ||     4
 Stab: Confused          |       |       |     1 |       |       |       |       ||     1
       Distracted        |       |       |       |       |     1 |     1 |       ||     2
       Sleeping          |       |       |       |       |       |       |     1 ||     1
Armor: Skin              |       |     2 |     1 |    11 |    49 |    63 |    42 ||   168
Dodge: Dodged            |     7 |     3 |    17 |    41 |    86 |   109 |    98 ||   361
Block: Other             |       |       |       |     2 |    38 |    18 |       ||    58
       Reflection        |       |       |       |       |     2 |       |       ||     2

Table legend: (Time is in decaauts) A = Elapsed time spent in this place. B = Non-inter-level travel time spent in this place. C = Inter-level travel time spent in this place. D = Time resting spent in this place. E = Time spent auto-exploring this place. F = Levels seen in this place. G = Mean time per level. A B C D E F G +--------+--------+--------+--------+--------+-----+--------+ Total | 11555 | 11555 | 0 | 7406 | 1189 | 1 | 11555.0 | Dungeon | 11555 | 11555 | 0 | 7406 | 1189 | 1 | 11555.0 | +--------+--------+--------+--------+--------+-----+--------+

Top non-repeatable levels by time:
       D: 11555 daAuts
